 Dungeon Crawl Stone Soup version 0.30-a0-702-gdf48620a09 (webtiles) character file.

Game seed: 7295017266447430840

148 ASSMAN the Slasher (level 5, -2/41 HPs)
             Began as a Merfolk Berserker on Jan 22, 2023.
             Was a Follower of Trog.
             Slain by a goblin
             ... wielding a +0 club
             ... led by Robin
              (6 damage)
             ... on level 2 of the Dungeon.
             The game lasted 00:01:54 (1389 turns).

ASSMAN the Slasher (Merfolk Berserker)              Turns: 1389, Time: 00:01:54

Health: -2/41      AC:  3    Str: 17    XL:     5   Next: 30%
Magic:  5/5        EV: 14    Int:  6    God:    Trog [*.....]
Gold:   47         SH:  0    Dex: 16    Spells: 4/4 levels left

rFire   . . .      SeeInvis .    l - +0 great sword
rCold   . . .      Faith    .    (shield currently unavailable)
rNeg    . . .      Spirit   .    b - +0 animal skin
rPois   .          Reflect  .    (no helmet)
rElec   .          Harm     .    (no cloak)
rCorr   .          Rampage  .    g - +0 pair of gloves
Will    .....                    (no boots)
Stlth   +                        (no amulet)
HPRegen 0.26/turn                (no ring)
MPRegen 0.09/turn                (no ring)

@: on berserk cooldown, slowed, very slow
A: (nimble swimmer 2), mertail
a: Renounce Religion, Berserk


You were on level 2 of the Dungeon.
You worshipped Trog.
Trog was aware of your devotion.
You visited 1 branch of the dungeon, and saw 2 of its levels.

You collected 47 gold pieces.

Inventory:

Hand Weapons
 l - a +0 great sword (weapon)
Armour
 b - a +0 animal skin (worn)
 g - a +0 pair of gloves (worn)
Jewellery
 j - an amulet of reflection
Wands
 a - a wand of roots (10)
Scrolls
 d - 2 scrolls of identify {unknown}
 f - a scroll of teleportation {unknown}
 h - 2 scrolls of fog {unknown}
Potions
 c - a potion of degeneration {unknown}
 e - a potion of haste {unknown}
 i - a potion of mutation {unknown}
 k - a potion of lignification {unknown}


   Skills:
 - Level 3.2 Fighting
 * Level 6.0 Long Blades
 - Level 1.3 Armour
 + Level 4.8 Dodging


You had 4 spell levels left.
You didn't know any spells.
Your spell library contained the following spells:

 Spells                   Type           Power      Damage    Failure   Level
 Gell's Gravitas          Tloc           0%         N/A       83%         3
 Teleport Other           Tloc           0%         N/A       83%         3
 Dispersal                Tloc           0%         N/A       100%        6


Dungeon Overview and Level Annotations

Branches:
Dungeon (2/15)

Altars:

Shops:
D:1 [!

Annotations:
D:2 Robin


Innate Abilities, Weirdness & Mutations

((You are very nimble when in or above water. (Stealth+, EV+, Speed+++)))
Your lower body shifts to a powerful aquatic tail in water.


Message History

You closely miss the hobgoblin.
The goblin shouts!
The goblin completely misses you. The hobgoblin barely misses you.
The goblin misses you.
Robin zaps a wand.
The puff of flame misses you.
You slice the hobgoblin!!
You kill the hobgoblin!
Trog accepts your kill. The goblin barely misses you. x2
Robin hits you from afar with a +0 spear.
You completely miss the hobgoblin. The goblin hits you with a +0 club.
The goblin closely misses you. The goblin misses you.
You closely miss the goblin. The goblin misses you.
The goblin hits you with a +0 dagger. The goblin misses you. x2
The hobgoblin closely misses you.
You closely miss the goblin. The goblin misses you.
The goblin hits you with a +0 club. x2; The goblin hits you but does no damage.
The hobgoblin barely misses you.
Robin hits you from afar with a +0 spear.
You slice the goblin!!
You kill the goblin!
Trog accepts your kill. The hobgoblin hits you.
* * * LOW HITPOINT WARNING * * *
The goblin closely misses you. The goblin hits you with a +0 club.
* * * LOW HITPOINT WARNING * * *
The goblin barely misses you.
Robin's horned helmet rattles.
Robin hits you from afar with a +0 spear.
* * * LOW HITPOINT WARNING * * *
Your Long Blades skill increases to level 6!
You closely miss the goblin.
You are no longer berserk.
You are exhausted.
You feel yourself slow down.
You hit the goblin.
You kill the goblin!
Trog accepts your kill. The goblin misses you. The hobgoblin misses you.
The goblin closely misses you. The goblin hits you with a +0 club.
You die...

.##.# ...# #..#
#..# # #..# #
...###..#####.#.#
#.....gggg.....#
#..)@g......
#.##########
###.### #.(...#
#.#.#.###
#........ ####
#.#.#.### #...
#.....# #.>.
#.#.### #...


You could see Robin, a hobgoblin (strong) and 3 goblins.

Vanquished Creatures
  Jessica (D:2)
  Natasha (twice) (D:2)
  3 gnolls (D:2)
  An adder (D:2)
  A ball python (D:2)
  3 bats
  2 endoplasms (D:2)
  3 giant cockroaches (D:2)
  5 hobgoblins
  2 jackals (D:2)
  A kobold (D:2)
  A quokka (D:2)
  A frilled lizard (D:1)
  6 goblins
  2 rats
34 creatures vanquished.

Notes
Turn   | Place    | Note
-------+----------+-------------------------------------------
     0 | D:1      | ASSMAN the Merfolk Berserker began the quest for the Orb.
     0 | D:1      | Reached XP level 1. HP: 18/18 MP: 1/1
   236 | D:1      | Found Foelim's Armour Shoppe.
   437 | D:1      | Found Duineliu's Distillery.
   923 | D:2      | Reached skill level 4 in Long Blades
   923 | D:2      | Reached XP level 2. HP: 24/24 MP: 2/2
  1059 | D:2      | Reached XP level 3. HP: 29/29 MP: 3/3
  1152 | D:2      | Reached skill level 5 in Long Blades
  1152 | D:2      | Reached XP level 4. HP: 35/35 MP: 4/4
  1153 | D:2      | Noticed Jessica
  1159 | D:2      | Killed Jessica
  1182 | D:2      | Noticed Natasha
  1195 | D:2      | Killed Natasha
  1366 | D:2      | Noticed Robin
  1369 | D:2      | Reached XP level 5. HP: 39/41 MP: 5/5
  1373 | D:2      | Noticed Natasha
  1376 | D:2      | Killed Natasha
  1388 | D:2      | Reached skill level 6 in Long Blades
  1389 | D:2      | Slain by a goblin

Illustrated notes

Levels and vault maps discovered:
D:1:      lemuel_arrival_behind_the_door_small, layout_loops_corners,
          serial_shops, nicolae_square_shop, nicolae_shop_hallway_plus,
          chequers_serial_rivers_large_a, serial_park_tiny_1
D:2:      layout_loops_ring, hellmonk_ecumenical_altar_pennies_from_heaven,
          nicolae_elevator_lobby_plus, uniq_natasha, uniq_jessica, uniq_robin

Skill      XL: |  1  2  3  4  5 |
---------------+----------------+-----
Dodging        | 3 4 |  4.8
Long Blades    | 4 5 6 |  6.0
Fighting       | |  3.2
Armour         | |  1.3

Action                   |  1- 3 |  4- 6 || total
-------------------------+-------+-------++-------
Melee: Falchion          |    43 |       ||    43
       Great sword       |    15 |    43 ||    58
Invok: Berserk           |     2 |     2 ||     4
 Stab: Sleeping          |     1 |       ||     1
Armor: Animal skin       |    16 |    22 ||    38
Dodge: Dodged            |    48 |    79 ||   127

Table legend: (Time is in decaauts)
 A = Elapsed time spent in this place.
 B = Non-inter-level travel time spent in this place.
 C = Inter-level travel time spent in this place.
 D = Time resting spent in this place.
 E = Time spent auto-exploring this place.
 F = Levels seen in this place.
 G = Mean time per level.
                   A        B        C        D        E       F      G
               +--------+--------+--------+--------+--------+-----+--------+
         Total |   1437 |   1374 |     63 |    198 |    943 |   2 |  718.5 |
       Dungeon |   1437 |   1374 |     63 |    198 |    943 |   2 |  718.5 |
               +--------+--------+--------+--------+--------+-----+--------+

Top non-repeatable levels by time:
     D:1: 908 daAuts
     D:2: 528 daAuts
